 Dungeon Crawl Stone Soup version 0.28.0-45-g0d030f2227 (webtiles) character file.

Game seed: 11374136821719860256

14495 Renzlar the Blocker (level 12, 0/97 HPs)
             Began as a Gnoll Fighter on Apr 3, 2022.
             Was a High Priest of Okawaru.
             Killed by drain life
             ... invoked by a soul eater
             ... summoned by a kobold demonologist
              (11 damage)
             ... on level 10 of the Dungeon on Apr 15, 2022.
             The game lasted 00:48:09 (12815 turns).

Renzlar the Blocker (Gnoll Fighter)                Turns: 12815, Time: 00:48:10

Health: 0/97       AC: 15    Str: 19    XL:     12   Next: 17%
Magic:  0/22       EV: 12    Int:  8    God:    Okawaru [*****.]
Gold:   585        SH: 12    Dex: 19    Spells: 25/25 levels left

rFire   . . .      SeeInvis .   t - +7 whip of Qiedo {venom, rElec}
rCold   . . .      Faith    .   y - +0 kite shield
rNeg    . . .      Spirit   +   b - +1 scale mail
rPois   .          Reflect  .   r - +0 helmet
rElec   +          Harm     .   d - +0 cloak
rCorr   .          Rampage  .   x - +0 pair of gloves
Will    .....                   e - +0 pair of boots
Stlth   ++........              g - amulet of guardian spirit
HPRegen 0.26/turn               C - +6 ring of dexterity
MPRegen 0.18/turn               (no ring)

@: no status effects
A: fangs 1, strong nose, distributed training
a: Renounce Religion, Heroism, Finesse, Duel


You were on level 10 of the Dungeon.
You worshipped Okawaru.
Okawaru was extremely pleased with you.
You visited 2 branches of the dungeon, and saw 11 of its levels.
You also visited: Bailey.

You collected 585 gold pieces.

Inventory:

Hand Weapons
 a - a +4 scimitar
 c - a +0 hunting sling
 h - a +0 war axe
 t - the +7 whip of Qiedo (weapon) {venom, rElec}
   (You found it on level 4 of the Dungeon)

   It poisons the flesh of those it strikes.
   rElec:     It insulates you from electricity.
 A - a +2 dagger of venom
Missiles
 f - 245 stones (quivered)
 k - 27 sling bullets
 u - 11 poisoned darts
 v - 56 bolts
 J - a curare-tipped dart
Armour
 b - a +1 scale mail (worn)
 d - a +0 cloak (worn)
 e - a +0 pair of boots (worn)
 r - a +0 helmet (worn)
 w - an orb of light
 x - a +0 pair of gloves (worn)
 y - a +0 kite shield (worn)
Jewellery
 g - an amulet of guardian spirit (around neck)
 j - a ring of ice
 n - a ring of wizardry
 C - a +6 ring of dexterity (left hand)
 L - a ring of fire
Wands
 o - a wand of mindburst (5)
 s - a wand of flame (11)
 G - a wand of paralysis (3)
 M - a wand of iceblast (5)
Scrolls
 D - a scroll of fog
 F - 2 scrolls of teleportation
 H - a scroll of enchant weapon
 I - 2 scrolls of fear
 K - a scroll of enchant armour
Potions
 i - 2 potions of cancellation {unknown}
 l - a potion of magic {unknown}
 m - 3 potions of might
 p - a potion of curing
 q - 5 potions of invisibility
 z - 2 potions of haste
 B - a potion of resistance {unknown}
 E - 3 potions of lignification


   Skills:
 + Level 9.7 Fighting
 + Level 7.0 Short Blades
 + Level 7.0 Long Blades
 + Level 8.5 Axes
 + Level 7.0 Maces & Flails
 + Level 7.0 Polearms
 + Level 7.0 Staves
 + Level 7.0 Slings
 + Level 7.0 Bows
 + Level 7.0 Crossbows
 + Level 7.0 Throwing
 + Level 9.7 Armour
 + Level 7.0 Dodging
 + Level 7.0 Stealth
 + Level 9.7 Shields
 + Level 7.0 Unarmed Combat
 + Level 7.0 Spellcasting
 + Level 5.8 Conjurations
 + Level 5.8 Hexes
 + Level 5.8 Summonings
 + Level 5.8 Necromancy
 + Level 5.8 Translocations
 + Level 5.8 Transmutations
 + Level 5.8 Fire Magic
 + Level 5.8 Ice Magic
 + Level 5.8 Air Magic
 + Level 5.8 Earth Magic
 + Level 5.8 Poison Magic
 + Level 7.7 Invocations
 + Level 7.0 Evocations


You had 25 spell levels left.
You didn't know any spells.
Your spell library contained the following spells:

 Spells                   Type           Power      Damage    Failure   Level
 Magic Dart               Conj           48%        1d5       11%         1
 Blink                    Tloc           24%        N/A       17%         2
 Lesser Beckoning         Tloc           12%        N/A       32%         3
 Mephitic Cloud           Conj/Pois/Air  12%        N/A       32%         3
 Manifold Assault         Tloc           12%        N/A       97%         5
 Summon Small Mammal      Summ           Unusable   N/A       N/A         1
 Call Imp                 Summ           Unusable   N/A       N/A         2
 Call Canine Familiar     Summ           Unusable   N/A       N/A         3
 Summon Guardian Golem    Hex/Summ       Unusable   N/A       N/A         3

Dungeon Overview and Level Annotations

Branches:
Dungeon (10/15)            Temple (1/1) D:6             Orc (0/2) D:10
 Bailey (visited)
   Lair: D:8-11

Altars:
Ashenzari
Cheibriados
Dithmenos
Elyvilon
Fedhas
Gozag
Hepliaklqana
Kikubaaqudgha
Makhleb
Nemelex Xobeh
Okawaru
Qazlal
Ru
Sif Muna
Trog
Uskayaw
Vehumet
Wu Jian
Xom
Yredelemnul
Zin
The Shining One

Annotations:
D:9 1 runed translucent door, Malificent's ghost, journeyman DsIE


Innate Abilities, Weirdness & Mutations

You have very sharp teeth.
Your uncanny sense of smell can sniff out nearby items.
Your experience applies equally to all skills.


Message History

Unknown command.
You closely miss the shadow. Your bite misses the shadow.
The shadow is severely damaged.
You block the shadow's attack.
The kobold demonologist casts a spell.
You block the shadow's attack.
You hit the shadow. You bite the shadow, but do no damage.
The shadow is severely damaged.
The shadow barely misses you.
The kobold demonologist looks satisfied for a moment.
You slash the shadow!
You destroy the shadow!
Okawaru accepts your kill.
The kobold demonologist casts a cantrip, but nothing happens.
The crimson imp blinks!
The soul eater draws from the surrounding life force!
* * * LOW HITPOINT WARNING * * *
Unknown command.
The +7 whip of Qiedo {venom, rElec} begins to drip with poison!
t - the +7 whip of Qiedo (weapon)
{venom, rElec} The kobold demonologist hits you with a +0 hand axe!
* * * LOW HITPOINT WARNING * * *
The soul eater hits you!
* * * LOW HITPOINT WARNING * * *
Items here: )))) [[ †.
Unknown command.
Unknown command.
Okay, then.
You feel better.
The iron imp disappears in a puff of smoke!
The kobold demonologist casts a spell.
The soul eater draws from the surrounding life force!
* * * LOW HITPOINT WARNING * * *
The crimson imp puffs mist at you.
The crimson imp hits you but does no damage.
Unknown command.
You miss the kobold demonologist.
The kobold demonologist hits you but does no damage.
The soul eater draws from the surrounding life force!
You die...

.#. .#. #.##### ###(.### ∆
###.(#####.# ##.##..#(
.#..##...#.#
##...##..(###...# ###...#YZ#
#.....###.)#.(# #.#.#..#
#.......##4.Z# ...#.#..#.
#....[..##YYc# ∆ #####.#..#.
##.....#.ZZK3# #.#..#.
##.......###@# #.#..#.
#.......####5# #.#..#.
#............##### #.#..#.
#.......####.....######.#..#.
##.....## #.###......#.#..#.
##>..## #)# ######.[.#..#.
##### #(# ####....#..##
#.####.......#..#
#.##....####.#..##


You could see a soul eater (summoned), an ice devil (summoned), a kobold
demonologist, 2 yaks, a centaur, a crimson imp (summoned), a centaur zombie and
2 centaur warrior zombies.

Vanquished Creatures
  2 vault guards (Bailey)
  3 two-headed ogres
  A tengu warrior (D:8)
  3 kobold demonologists
  A komodo dragon (D:10)
  3 hornets
  Prince Ribbit (D:6)
  A blink frog (Bailey)
  A shadow (D:10)
  10 yaks
  2 wraiths
  3 wyverns
  3 humans (Bailey)
  Eustachio (D:5)
  Menkaure (D:5)
  3 acid dragons
  3 water moccasins
  7 orc warriors
  2 ice beasts
  A black bear (D:4)
  2 necrophages (D:5)
  6 ogres
  2 centaurs
  A phantom (D:6)
  2 kobold brigands
  A scorpion (D:6)
  14 bullfrogs
  A water moccasin skeleton (D:6)
  10 killer bees
  A howler monkey (D:6)
  A bullfrog zombie (D:6)
  A lava snake (D:8)
  A jelly (D:4)
  5 centaur zombies
  4 orc priests
  A gnoll shaman (D:10)
  Crazy Yiuf (D:2)
  A bullfrog skeleton (D:5)
  Jessica (D:3)
  Ijyb (D:3)
  2 iguanas
  11 orc wizards
  A killer bee zombie (D:6)
  A hound skeleton (D:4)
  A howler monkey zombie (D:10)
  A howler monkey skeleton (D:4)
  4 adders
  A shadow imp (D:8)
  2 white imps (D:3)
  2 worms
  3 dart slugs (D:1)
  45 orcs
  8 ball pythons
  4 endoplasms
  2 giant cockroaches
  16 goblins
  9 hobgoblins
  2 jackals
  5 quokkas
  7 bats
  3 frilled lizards
  19 kobolds
  5 rats
263 creatures vanquished.

Notes
Turn   | Place    | Note
-------+----------+-------------------------------------------
     0 | D:1      | Renzlar the Gnoll Fighter began the quest for the Orb.
     0 | D:1      | Reached XP level 1. HP: 23/23 MP: 1/1
   102 | D:1      | Reached XP level 2. HP: 29/29 MP: 2/2
   304 | D:1      | Reached XP level 3. HP: 35/35 MP: 3/3
   838 | D:2      | Reached skill level 1 in Invocations
   962 | D:2      | Found a faded altar of an unknown god.
   989 | D:2      | Reached skill level 1 in Short Blades
   989 | D:2      | Reached skill level 1 in Long Blades
   989 | D:2      | Reached skill level 1 in Maces & Flails
   989 | D:2      | Reached skill level 1 in Polearms
   989 | D:2      | Reached skill level 1 in Staves
   989 | D:2      | Reached skill level 1 in Slings
   989 | D:2      | Reached skill level 1 in Bows
   989 | D:2      | Reached skill level 1 in Crossbows
   989 | D:2      | Reached skill level 1 in Throwing
   989 | D:2      | Reached skill level 1 in Dodging
   989 | D:2      | Reached skill level 1 in Stealth
   989 | D:2      | Reached skill level 1 in Unarmed Combat
   989 | D:2      | Reached skill level 1 in Spellcasting
   989 | D:2      | Reached skill level 1 in Evocations
  1301 | D:2      | Reached XP level 4. HP: 41/41 MP: 5/5
  1395 | D:2      | Found a runed translucent door.
  1396 | D:2      | Noticed Crazy Yiuf
  1406 | D:2      | Killed Crazy Yiuf
  1407 | D:2      | Reached skill level 1 in Conjurations
  1407 | D:2      | Reached skill level 1 in Hexes
  1407 | D:2      | Reached skill level 1 in Summonings
  1407 | D:2      | Reached skill level 1 in Necromancy
  1407 | D:2      | Reached skill level 1 in Translocations
  1407 | D:2      | Reached skill level 1 in Transmutations
  1407 | D:2      | Reached skill level 1 in Fire Magic
  1407 | D:2      | Reached skill level 1 in Ice Magic
  1407 | D:2      | Reached skill level 1 in Air Magic
  1407 | D:2      | Reached skill level 1 in Earth Magic
  1407 | D:2      | Reached skill level 1 in Poison Magic
  2400 | D:3      | Reached XP level 5. HP: 47/47 MP: 6/6
  2574 | D:3      | Noticed Ijyb
  2585 | D:3      | Killed Ijyb
  2847 | D:3      | Noticed Jessica
  2855 | D:3      | Killed Jessica
  3502 | D:4      | Noticed an ogre
  3503 | D:4      | Killed an ogre
  3504 | D:4      | Reached skill level 5 in Axes
  3504 | D:4      | Reached XP level 6. HP: 53/53 MP: 8/8
  3847 | D:4      | Reached XP level 7. HP: 21/60 MP: 10/10
  4094 | D:4      | Identified the +7 whip of Qiedo {venom, rElec}
  4440 | D:5      | Entered Level 5 of the Dungeon
  4515 | D:5      | Reached XP level 8. HP: 65/67 MP: 12/12
  4700 | D:5      | Noticed Eustachio
  4751 | D:5      | Killed Eustachio
  5548 | D:5      | Noticed Menkaure
  5551 | D:5      | Killed Menkaure
  5775 | D:6      | Reached XP level 9. HP: 63/72 MP: 14/14
  5916 | D:6      | Noticed Prince Ribbit
  5926 | D:6      | Killed Prince Ribbit
  6033 | D:6      | Found a staircase to the Ecumenical Temple.
  6041 | Temple   | Entered the Ecumenical Temple
  6086 | Temple   | Became a worshipper of Warmaster Okawaru
  7321 | D:7      | Noticed a hornet
  7328 | D:7      | Killed a hornet
  7329 | D:7      | Reached skill level 5 in Invocations
  7330 | D:7      | Reached * piety under Okawaru
  7701 | D:7      | Found a shimmering altar of Xom.
  8055 | D:8      | Reached XP level 10. HP: 73/80 MP: 15/17
  8243 | D:8      | Noticed a tengu warrior
  8290 | D:8      | Noticed a two-headed ogre
  8303 | D:8      | Killed a two-headed ogre
  8303 | D:8      | Reached ** piety under Okawaru
  8304 | D:8      | Reached skill level 5 in Short Blades
  8304 | D:8      | Reached skill level 5 in Long Blades
  8304 | D:8      | Reached skill level 5 in Maces & Flails
  8304 | D:8      | Reached skill level 5 in Polearms
  8304 | D:8      | Reached skill level 5 in Staves
  8304 | D:8      | Reached skill level 5 in Slings
  8304 | D:8      | Reached skill level 5 in Bows
  8304 | D:8      | Reached skill level 5 in Crossbows
  8304 | D:8      | Reached skill level 5 in Throwing
  8304 | D:8      | Reached skill level 5 in Dodging
  8304 | D:8      | Reached skill level 5 in Stealth
  8304 | D:8      | Reached skill level 5 in Unarmed Combat
  8304 | D:8      | Reached skill level 5 in Spellcasting
  8304 | D:8      | Reached skill level 5 in Evocations
  8604 | D:8      | Killed a tengu warrior
  8853 | D:8      | Noticed a kobold demonologist
  8858 | D:8      | Noticed a kobold demonologist
  8860 | D:8      | Noticed a sun demon
  8864 | D:8      | Noticed a soul eater
  8871 | D:8      | Killed a kobold demonologist
  8877 | D:8      | Killed a kobold demonologist
  8885 | D:8      | Reached *** piety under Okawaru
  9911 | D:9      | Found a runed translucent door.
  9913 | D:9      | Noticed an eight-headed hydra
  9914 | D:9      | Noticed Malificent's ghost (journeyman DsIE)
  9967 | D:9      | Reached XP level 11. HP: 77/87 MP: 17/19
 10037 | D:9      | Found a flagged portal.
 10055 | Bailey   | Entered a bailey
 10338 | Bailey   | Reached skill level 5 in Conjurations
 10338 | Bailey   | Reached skill level 5 in Hexes
 10338 | Bailey   | Reached skill level 5 in Summonings
 10338 | Bailey   | Reached skill level 5 in Necromancy
 10338 | Bailey   | Reached skill level 5 in Translocations
 10338 | Bailey   | Reached skill level 5 in Transmutations
 10338 | Bailey   | Reached skill level 5 in Fire Magic
 10338 | Bailey   | Reached skill level 5 in Ice Magic
 10338 | Bailey   | Reached skill level 5 in Air Magic
 10338 | Bailey   | Reached skill level 5 in Earth Magic
 10338 | Bailey   | Reached skill level 5 in Poison Magic
 10363 | Bailey   | Reached **** piety under Okawaru
 10383 | Bailey   | Received a gift from Okawaru
 10569 | Bailey   | Noticed a vault guard
 10594 | Bailey   | Killed a vault guard
 10751 | Bailey   | Noticed a vault guard
 10789 | Bailey   | Killed a vault guard
 11489 | D:9      | Reached ***** piety under Okawaru
 11996 | D:10     | Entered Level 10 of the Dungeon
 12604 | D:10     | Noticed a two-headed ogre
 12628 | D:10     | Received a gift from Okawaru
 12638 | D:10     | Killed a two-headed ogre
 12639 | D:10     | Reached XP level 12. HP: 79/96 MP: 20/22
 12702 | D:10     | Found a staircase to the Orcish Mines.
 12752 | D:10     | Noticed a two-headed ogre
 12773 | D:10     | Killed a two-headed ogre
 12773 | D:10     | Identified the +0 pearl dragon scales of Yweah {rC+ rN+
                  | Int+2} (Okawaru gifted it to you on level 10 of the
                  | Dungeon)
 12773 | D:10     | Received a gift from Okawaru
 12798 | D:10     | Noticed a soul eater
 12815 | D:10     | Killed from afar by a soul eater

Illustrated notes

Levels and vault maps discovered:
D:1:      dpeg_arrival_oval, layout_basic, skrybe_limestone_x,
          minmay_pentomino_x4
D:2:      layout_loops_ring, basic_ecumenical_altar, uniq_crazy_yiuf_cottage
D:3:      minmay_inner_zag, layout_loops_ring, amcnicky_mini_corridor_feature,
          grunt_decor_fettered, chequers_serial_rivers_micro_c, uniq_ijyb,
          uniq_jessica
D:4:      layout_cave_pools
D:5:      minmay_angry_zag, layout_loops_ring, uniq_menkaure, uniq_eustachio
D:6:      layout_basic, minmay_temple_entry_mist, uniq_prince_ribbit1
D:7:      layout_rooms, brannock_xom_greatest_gift
D:8:      layout_basic, kennysheep_opposing_triangles
D:9:      layout_irregular_city, ebering_ghost_inner_flame, enter_bailey_3
D:10:     minmay_quarter_circles, layout_rooms, kennysheep_kite_vault
Temple:   nicolae_temple_the_god_donut

Skill      XL: |  1  2  3  4  5  6  7  8  9 10 11 12 |
---------------+-------------------------------------+-----
Invocations    | 1 2 3 4 5 6 7 |  7.7
Short Blades   | 1 2 3 4 5 6 7 |  7.0
Long Blades    | 1 2 3 4 5 6 7 |  7.0
Maces & Flails | 1 2 3 4 5 6 7 |  7.0
Polearms       | 1 2 3 4 5 6 7 |  7.0
Staves         | 1 2 3 4 5 6 7 |  7.0
Slings         | 1 2 3 4 5 6 7 |  7.0
Bows           | 1 2 3 4 5 6 7 |  7.0
Crossbows      | 1 2 3 4 5 6 7 |  7.0
Throwing       | 1 2 3 4 5 6 7 |  7.0
Dodging        | 1 2 3 4 5 6 7 |  7.0
Stealth        | 1 2 3 4 5 6 7 |  7.0
Unarmed Combat | 1 2 3 4 5 6 7 |  7.0
Spellcasting   | 1 2 3 4 5 6 7 |  7.0
Evocations     | 1 2 3 4 5 6 7 |  7.0
Conjurations   | 1 2 3 4 5 |  5.8
Hexes          | 1 2 3 4 5 |  5.8
Summonings     | 1 2 3 4 5 |  5.8
Necromancy     | 1 2 3 4 5 |  5.8
Translocations | 1 2 3 4 5 |  5.8
Transmutations | 1 2 3 4 5 |  5.8
Fire Magic     | 1 2 3 4 5 |  5.8
Ice Magic      | 1 2 3 4 5 |  5.8
Air Magic      | 1 2 3 4 5 |  5.8
Earth Magic    | 1 2 3 4 5 |  5.8
Poison Magic   | 1 2 3 4 5 |  5.8
Axes           | 5 6 7 8 |  8.5
Fighting       | 7 8 9 |  9.7
Armour         | 7 8 9 |  9.7
Shields        | 7 8 9 |  9.7

Action                   |  1- 3 |  4- 6 |  7- 9 | 10-12 || total
-------------------------+-------+-------+-------+-------++-------
Melee: War axe           |    68 |    82 |    21 |       ||   171
       Bite              |     3 |     5 |    35 |    75 ||   118
       Unarmed           |       |     3 |       |       ||     3
       Whip              |       |       |   233 |   427 ||   660
       Morningstar       |       |       |    21 |       ||    21
       Scimitar          |       |       |       |    78 ||    78
 Fire: Hunting sling     |    33 |   103 |   121 |   133 ||   390
Throw: Dart              |       |       |       |     1 ||     1
Invok: Heroism           |       |       |       |     6 ||     6
Evoke: Wand              |       |     1 |     9 |       ||    10
  Use: Scroll            |     4 |     1 |     8 |     6 ||    19
       Potion            |       |     1 |       |     1 ||     2
Armor: Scale mail        |    29 |    54 |   111 |   172 ||   366
Dodge: Dodged            |    27 |    37 |   110 |   232 ||   406
Block: Buckler           |    18 |    27 |    29 |       ||    74
       Kite shield       |       |       |    51 |   318 ||   369
